[Event "1st FIDE Olympiad DIS 2023"]
[Site "Belgrade"]
[Date "2023.01.30"]
[Round "1.6"]
[White "Streltsov, Alexey"]
[Black "Otero Munelo, Harlen Jose"]
[Result "1-0"]
[ECO "B01"]
[WhiteElo "2317"]
[BlackElo "2099"]
[Annotator "TA"]
[PlyCount "141"]
[EventDate "2023.01.30"]
[EventType "team-tourn"]
[EventCountry "SRB"]
[SourceTitle "playchess.com"]
[Source "ChessBase"]
[SourceQuality "1"]
[WhiteTeam "Israel"]
[BlackTeam "Venezuela"]
[WhiteTeamCountry "ISR"]
[BlackTeamCountry "VEN"]
[TimeControl "40/5400+30:1800+30"]

1. e4 d5 2. exd5 Nf6 3. d4 Bg4 4. Bb5+ Nbd7 5. f3 Bf5 6. c4 a6 7. Bxd7+ {[%emt 0:04:36] is the legacy move (7.Ba4).} Qxd7 8. Ne2 c6 {[%emt 0:28:24] B01: Scandinavian Defence.} 9. dxc6 Qxc6 10. b3 e6 {[%emt 0:03:54] [#] White is slightly better.} 11. Ba3 $146 ({Predecessor:} 11. O-O Be7 12. Bf4 O-O 13. Nbc3 Rfd8 14. Qd2 h6 15. Rad1 Rac8 16. Kh1 Nh5 17. Be3 {1-0 Rousev,R-Riff,J Wch U10 Warsaw 1991 (7)}) 11... Bxa3 12. Nxa3 O-O 13. Nc2 Rfd8 14. Ne3 Bg6 15. Qd2 Qc7 16. Rc1 b6 17. O-O Rac8 18. Rfd1 h5 19. Qe1 e5 20. Qg3 exd4 {[%emt 0:04:00] Threatens to win with ...Qxg3.} 21. Qxc7 (21. Nxd4 $6 Qc5 22. Qf4 Qa3 $16) 21... Rxc7 22. Nxd4 Re8 23. Kf2 Kf8 24. h4 Nd7 25. Nd5 Rb7 26. Nf4 {[%emt 0:01:47] Excellent horsemanship.} Ne5 27. Nxg6+ fxg6 28. Rd2 Kf7 29. Ne2 Nd7 30. Nf4 Nf6 31. Re1 Rxe1 32. Kxe1 $18 {[%emt 0:00:05][%mdl 4096] Endgame KRN-KRN} Re7+ 33. Kf2 Ne8 34. Rd8 Rb7 35. Ra8 Nc7 36. Rc8 a5 37. Ke3 Ne8 38. Rc6 {[%emt 0:00:31] Dodges Nd6} Nf6 39. Kd4 Rd7+ 40. Nd5 Nxd5 41. cxd5 {[%emt 0:30:06] KR-KR} Re7 42. Rxb6 Re2 43. Rb7+ Kf6 44. Rb6+ Kf7 $1 45. g3 Rxa2 46. Ke5 Re2+ 47. Kf4 Rd2 48. Rb5 Kf6 49. Rb6+ Kf7 50. Ke5 $2 (50. Rb7+ Kf6 51. Rb6+ Kf7) 50... Re2+ {[%emt 0:00:00] [#]} 51. Kd6 $1 Re3 52. Kc7 {[%emt 0:00:08] d6 would be deadly.} ({Weaker is} 52. Rb7+ Ke8 53. b4 (53. Rxg7 Rxb3 54. g4 a4 $18) 53... axb4 $18) 52... Rc3+ 53. Kd8 Rxf3 54. Rb7+ Kf8 55. d6 {[%emt 0:00:51] Threatening mate with d7.} Rxg3 56. Rb5 {[%emt 0:03:46] Intending d7 and mate.} Kf7 57. d7 Rd3 58. Rxa5 Rxb3 59. Rd5 (59. Rc5 $142 Rd3 60. Rc6 Kf8 61. Kc8 Ke7 62. Rc7 (62. Rxg6 Rc3+ 63. Kb7 Rc4 $11) 62... Rxd7 63. Rxd7+ Ke6 64. Rxg7) 59... Ra3 60. Kc7 {[%emt 0:00:00] White mates.} Ra7+ 61. Kc6 Ra8 62. d8=Q Rxd8 63. Rxd8 g5 64. hxg5 {[%emt 0:00:13] KR-KPP} Kg6 65. Rd7 h4 66. Kd5 Kxg5 67. Ke4 ({Not} 67. Rxg7+ Kf4 $11) 67... Kg4 68. Rxg7+ Kh3 69. Kf3 Kh2 {[%emt 0:00:04] [#]} 70. Rh7 $1 h3 71. Kf2 {[%emt 0:00:05] Weighted Error Value: White=0.36/Black=0.38} 1-0

[Event "1st FIDE Olympiad DIS 2023"]
[Site "Belgrade"]
[Date "2023.01.30"]
[Round "1.6"]
[White "Arstanbekov, Dzhanysh"]
[Black "Babula, Milan"]
[Result "0-1"]
[ECO "E90"]
[WhiteElo "1621"]
[BlackElo "2107"]
[Annotator "TA"]
[PlyCount "34"]
[EventDate "2023.01.30"]
[EventType "team-tourn"]
[EventCountry "SRB"]
[SourceTitle "playchess.com"]
[Source "ChessBase"]
[SourceQuality "1"]
[WhiteTeam "Kyrgyzstan"]
[BlackTeam "Czech Republic"]
[WhiteTeamCountry "KGZ"]
[BlackTeamCountry "CZE"]
[TimeControl "40/5400+30:1800+30"]

1. e4 Nc6 2. Nf3 g6 3. d4 Bg7 4. c4 d6 5. h3 Nf6 6. Nc3 O-O 7. Be3 (7. d5 $14 {is superior.} Nb8 8. Be2) 7... b6 {[%emt 0:04:35] E90: King's Indian: Classical: Early deviations and 6 h3.} (7... e5 $11) 8. Be2 Bb7 9. d5 Nb8 {[%emt 0:00:51][%cal Bc6b8,Bb8d7,Bd7c5,Bc5e6][%mdl 32] White is slightly better.} 10. O-O c6 {[%emt 0:02:14] [#]} 11. Qd2 $146 ({Predecessor:} 11. Rc1 Nbd7 12. Nd4 Qc7 13. f4 Rac8 14. Bf3 cxd5 15. cxd5 Qd8 16. b4 Nb8 17. Qb3 {1-0 Cobo Arteaga,E-Camps Galceran,P Capablanca Memorial-12 Maestros 1975 (9)}) 11... Nbd7 12. Bh6 Nc5 13. Bxg7 Kxg7 14. Qd4 e5 15. dxe6 Nxe6 16. Qe3 Re8 17. b4 {[%emt 0:06:25] [#] Prevents Nc5.} (17. Rad1 $14 {stays ahead.}) 17... Qe7 {[%emt 0:00:30][%mdl 32768] Weighted Error Value: White=0.28 (precise) /Black=0.16 (very precise) . Loss on time!?} (17... c5 $1 $17 18. Nd2 cxb4) 0-1

[Event "1st FIDE Olympiad DIS 2023"]
[Site "Belgrade"]
[Date "2023.01.30"]
[Round "1.7"]
[White "Valenta, Vit Vaclav"]
[Black "Rakhatbekov, Tilegen"]
[Result "1/2-1/2"]
[ECO "A00"]
[WhiteElo "2022"]
[BlackElo "1489"]
[Annotator "TA"]
[PlyCount "86"]
[EventDate "2023.01.30"]
[EventType "team-tourn"]
[EventCountry "SRB"]
[SourceTitle "playchess.com"]
[Source "ChessBase"]
[SourceQuality "1"]
[WhiteTeam "Czech Republic"]
[BlackTeam "Kyrgyzstan"]
[WhiteTeamCountry "CZE"]
[BlackTeamCountry "KGZ"]
[TimeControl "40/5400+30:1800+30"]

1. b4 e5 2. Bb2 d6 3. g3 Nf6 4. Bg2 Be7 5. d3 Nbd7 6. Nf3 {[%emt 0:00:13] A00: Irregular Openings.} d5 7. Nxe5 Nxe5 8. Bxe5 Bxb4+ 9. Nd2 O-O 10. O-O {[%emt 0:00:10] [#]} (10. Rb1 $5 a5 11. O-O $11) 10... c6 $146 (10... Re8 $5 11. Rb1 Rxe5 12. Rxb4 Qe7 $11) ({Predecessor:} 10... Bxd2 11. Qxd2 Qe7 12. Qg5 Be6 13. Bxf6 Qxf6 14. Qxf6 gxf6 15. Rab1 b6 16. c4 Rad8 17. cxd5 Bxd5 18. Bxd5 Rxd5 19. Rfc1 c5 {½-½ Cingari,J-Soraire,D Feria del Orinoco op 2001 (3)}) 11. Rb1 Bd6 12. Bc3 Rb8 13. Bd4 b6 14. c4 dxc4 15. Nxc4 ({Reject} 15. Bxc6 cxd3 16. Bxf6 Qxf6 $11) 15... Bc7 16. Ba1 {[%emt 0:00:53] White is more active.} c5 17. Ne5 {[%emt 0:00:55] Hoping for Nc6.} Bb7 {[%emt 0:00:07] [#] ...Bxg2 would be deadly.} 18. Nc6 Bxc6 19. Bxc6 Qe7 20. Bf3 Be5 21. Bxe5 Qxe5 22. Qa4 Qe7 23. Qa6 Rfd8 24. Rfc1 h6 25. Rc3 Nd5 26. Ra3 Rb7 $1 27. Qc4 Rbd7 28. Qe4 Qf6 {[%emt 0:01:07] Strongly threatening ...Nc3.} 29. Qc4 {[%emt 0:02:36] Wards off Nc3} Qe7 (29... Nb4 {seems wilder.} 30. Be4 Re7 31. Qb3 g6) 30. Bg4 Rc7 31. h3 Nb4 32. Bf3 Rd4 33. Qc3 Nd5 34. Qb2 Nb4 35. Rb3 Nc6 36. Rc1 Rd6 {[%emt 0:00:48] White should prevent ...Nd4.} 37. Bxc6 {[%emt 0:01:45] The position is equal.} Rcxc6 38. Rc4 Rd4 39. Rbc3 {[%emt 0:01:30] [#] Rxd4 is the strong threat.} Rxc4 40. Rxc4 Re6 41. Rc2 Rd6 42. Rc4 Re6 43. Rc2 Rd6 {[%emt 0:00:03] Weighted Error Value: White=0.07 (flawless) /Black=0.09 (flawless)} 1/2-1/2

[Event "1st FIDE Olympiad DIS 2023"]
[Site "Belgrade"]
[Date "2023.01.30"]
[Round "1.7"]
[White "Abiad Parra, Victor"]
[Black "Gurbanov, Andrei"]
[Result "1/2-1/2"]
[ECO "C67"]
[WhiteElo "1855"]
[BlackElo "2275"]
[Annotator "TA"]
[PlyCount "69"]
[EventDate "2023.01.30"]
[EventType "team-tourn"]
[EventCountry "SRB"]
[SourceTitle "playchess.com"]
[Source "ChessBase"]
[SourceQuality "1"]
[WhiteTeam "Venezuela"]
[BlackTeam "Israel"]
[WhiteTeamCountry "VEN"]
[BlackTeamCountry "ISR"]
[TimeControl "40/5400+30:1800+30"]

1. e4 e5 2. Nf3 Nc6 3. Bb5 Nf6 4. O-O Nxe4 5. Re1 Nd6 6. Nxe5 Be7 7. Bf1 Nxe5 8. Rxe5 O-O 9. d4 Bf6 10. Re1 Nf5 11. c3 d5 {[%emt 0:04:14] C67: Ruy Lopez: Berlin Defence: 4 0-0 Nxe4.} 12. Bf4 Nh4 13. Bg3 Bf5 {[%emt 0:03:41] The position is equal.} 14. Bd3 {[%emt 0:01:13] [#] Bxh4 would be deadly.} Qd7 15. Qc2 {[%emt 0:04:21] [#]} Rfe8 $146 ({Predecessor:} 15... Bxd3 16. Qxd3 Ng6 17. Nd2 Rfe8 18. Nf3 c6 19. h3 Rxe1+ 20. Rxe1 {½-½ Kutuzovic,B (2334)-Sulava,N (2552) CRO-chT1A 19th 2010 (3)}) 16. Nd2 Bxd3 17. Qxd3 Nf5 18. Bf4 a5 {[%emt 0:06:56] [#]} 19. Bxc7 $1 {[%emt 0:19:44][%mdl 64] Threatens to win with Rxe8+. Deflection} Rxe1+ (19... Nxd4 20. Bf4) 20. Rxe1 Nxd4 21. Be5 Bxe5 22. Rxe5 ({Of course not} 22. cxd4 Bd6 $11) 22... f6 $1 23. Re1 Nc6 24. Nf3 {[%emt 0:01:14] Inhibits Ne5.} a4 25. h3 a3 26. b3 Rd8 27. Qe3 {[%emt 0:00:55] White is more active.} Kf7 28. Qc5 Qd6 29. Qe3 (29. Qb6 $14) 29... g6 (29... Qd7 $1 $11) 30. Qh6 Kg8 31. Qe3 Kf7 $1 32. Qh6 Kg8 33. Qe3 Kf7 $1 34. Qh6 Kg8 35. Qe3 {[%emt 0:00:01] Weighted Error Value: White=0.21 (precise) /Black=0.10 (very precise)} (35. Qc1 $14) 1/2-1/2

[Event "1st FIDE Olympiad DIS 2023"]
[Site "Belgrade"]
[Date "2023.01.30"]
[Round "1.8"]
[White "Aleksandrova, Aleksandra"]
[Black "Monterrey, Henry"]
[Result "1-0"]
[ECO "B07"]
[WhiteElo "1701"]
[BlackElo "1759"]
[Annotator "NA RC COMBH"]
[PlyCount "67"]
[EventDate "2023.01.30"]
[EventType "team-tourn"]
[EventCountry "SRB"]
[SourceTitle "playchess.com"]
[Source "ChessBase"]
[SourceQuality "1"]
[WhiteTeam "Israel"]
[BlackTeam "Venezuela"]
[WhiteTeamCountry "ISR"]
[BlackTeamCountry "VEN"]
[TimeControl "40/5400+30:1800+30"]

1. d4 Nf6 2. Nd2 g6 3. e4 d6 4. Ngf3 Bg7 5. c3 O-O 6. Be2 e5 7. dxe5 dxe5 8. Qb3 Nbd7 9. a4 Nc5 10. Qc2 Nh5 11. b4 Ne6 12. Nc4 Nef4 13. Bf1 f5 14. Ne3 fxe4 15. Qxe4 Bf5 16. Nxf5 gxf5 17. Qc4+ Kh8 18. g3 e4 19. Nd4 Nd3+ 20. Bxd3 exd3 21. O-O Qd7 22. Qxd3 f4 23. Qf3 Qh3 24. g4 Qxf3 25. Nxf3 Nf6 26. h3 Nd5 27. Ra3 Nxc3 28. Re1 Rad8 29. Bd2 Rd3 30. Kg2 Rfd8 31. Bxf4 Ne2 32. Bxc7 Rxa3 33. Bxd8 Ra2 34. Kf1 1-0

[Event "1st FIDE Olympiad DIS 2023"]
[Site "Belgrade"]
[Date "2023.01.30"]
[Round "1.8"]
[White "Bolotov, Toktobek"]
[Black "Ryvova, Anna"]
[Result "1-0"]
[ECO "D13"]
[WhiteElo "1437"]
[BlackElo "1823"]
[Annotator "NA RC COMBH"]
[PlyCount "113"]
[EventDate "2023.01.30"]
[EventType "team-tourn"]
[EventCountry "SRB"]
[SourceTitle "playchess.com"]
[Source "ChessBase"]
[SourceQuality "1"]
[WhiteTeam "Kyrgyzstan"]
[BlackTeam "Czech Republic"]
[WhiteTeamCountry "KGZ"]
[BlackTeamCountry "CZE"]
[TimeControl "40/5400+30:1800+30"]

1. d4 d5 2. c4 c6 3. cxd5 cxd5 4. Nc3 Nf6 5. Nf3 e6 6. Bg5 Be7 7. e3 O-O 8. Bd3 h6 9. Bh4 Nc6 10. a3 Qb6 11. Qe2 Re8 12. O-O Bd7 13. Rac1 Rac8 14. b4 Qd8 15. Nb5 Bf8 (15... Ne4 $11 16. Bxe7 Qxe7 17. Bxe4 dxe4) 16. Ne5 a6 $1 17. Nc3 b5 ({Better is} 17... Be7 $14) 18. f4 Be7 19. Rf3 Nh7 $2 (19... Ne4 $11 {and Black is okay.} 20. Bxe7 Qxe7 21. Bxe4 dxe4) 20. Bxe7 Qxe7 21. Qc2 Nf6 22. Qf2 Rc7 23. Qd2 (23. Qe1 $142) 23... Rec8 24. f5 Nxe5 25. dxe5 Ne4 26. Bxe4 {[%emt 0:00:36] Remove Defender} dxe4 27. f6 gxf6 $2 (27... Qd8 $11 {and Black is okay.} 28. Rff1 Rc4) 28. exf6 Qd8 29. Rff1 $2 ({Better is} 29. Qd6 $18 Qf8 30. Rg3+ (30. Qxa6 $2 {is the wrong capture.} exf3 31. Rd1 Rxc3 $19) 30... Kh8 31. Qe5 (31. Qxa6 $2 Rxc3 32. Rxc3 Rxc3 $19)) 29... Rc4 30. Qd6 Qc7 31. Qxc7 R8xc7 32. Ne2 Rxc1 33. Rxc1 Rxc1+ 34. Nxc1 Kh7 35. Nb3 Kg6 36. Nc5 Bc6 37. Nxa6 Kxf6 38. Kf2 Kg5 39. Nc5 e5 40. Nb3 f5 41. g3 f4 42. Nd2 f3 43. h3 h5 44. Nb1 Bd7 45. Nc3 Bc6 46. a4 bxa4 47. b5 Bb7 48. Nxa4 Kf5 49. Nc5 Bd5 50. b6 Kf6 51. b7 Bxb7 52. Nxb7 Ke6 53. g4 Kf6 54. Nc5 hxg4 55. hxg4 $18 Kg5 56. Kg3 f2 57. Nxe4+ 1-0

[Event "1st FIDE Olympiad DIS 2023"]
[Site "Belgrade"]
[Date "2023.01.30"]
[Round "1.9"]
[White "Bjelanovic, Mile"]
[Black "Glazar, Domagoj"]
[Result "1/2-1/2"]
[ECO "B02"]
[WhiteElo "2021"]
[BlackElo "2119"]
[Annotator "TA"]
[PlyCount "62"]
[EventDate "2023.01.30"]
[EventType "team-tourn"]
[EventCountry "SRB"]
[SourceTitle "playchess.com"]
[Source "ChessBase"]
[SourceQuality "1"]
[WhiteTeam "Serbia"]
[BlackTeam "Croatia"]
[WhiteTeamCountry "SRB"]
[BlackTeamCountry "CRO"]
[TimeControl "40/5400+30:1800+30"]

1. e4 c5 2. Nf3 Nf6 3. e5 Nd5 4. Nc3 e6 5. Nxd5 exd5 6. d4 Nc6 7. c3 cxd4 8. cxd4 d6 9. Be2 dxe5 10. Nxe5 {[%emt 0:11:06] B02: Alekhine's Defence: Chase Variation and lines with early Nc3.} Bd6 11. Nxc6 bxc6 12. O-O O-O 13. Be3 {[%emt 0:06:26] [#]} a5 $146 ({Predecessor:} 13... Re8 14. Rc1 Rxe3 15. fxe3 Qh4 16. g3 Bxg3 17. hxg3 Qxg3+ 18. Kh1 Qh3+ 19. Kg1 Qg3+ 20. Kh1 Qh3+ 21. Kg1 Qg3+ {½-½ Steinberg,N (2554)-Yuffa,D (2594) Molodezhka-ISR online blitz 2020}) 14. Qc2 Bd7 15. Bd3 Qh4 {[%emt 0:03:38][%csl Gd6][%cal Rh4h2] [#]} 16. g3 Qh3 17. Rfe1 f5 18. f4 Qh5 (18... h5 {simplifies} 19. Qg2 Qxg2+ 20. Kxg2 Kf7) 19. Kg2 g5 20. Rf1 g4 21. Rh1 (21. Rfe1 {seems wilder.} Rfc8 22. Rab1 a4 23. Qf2) 21... Qf7 ({Black should play} 21... Qh3+ $11 22. Kg1 Rfe8) 22. h3 $14 h5 (22... Qe7 $14 {should be considered.} 23. Rae1 gxh3+ 24. Rxh3 Rf6) 23. hxg4 $16 hxg4 (23... Rfe8 $16) 24. Rh6 $18 {[%emt 0:02:05] [#] And now Rah1 would win.} Qe7 25. Bf2 Rf6 26. Rh5 Raf8 27. Rah1 Qe6 28. Rh8+ Kf7 29. R8h7+ Kg8 30. Rh8+ Kf7 31. R8h7+ (31. R8h2 $142 {Hoping for Re1.} Rg6 32. Rh5) 31... Kg8 $1 {[%emt 0:00:02][%mdl 32768] Weighted Error Value: White=0.40/Black=0.26 (precise) . An unexpected result.} 1/2-1/2

[Event "1st FIDE Olympiad DIS 2023"]
[Site "Belgrade"]
[Date "2023.01.30"]
[Round "1.9"]
[White "Miheso, Clement Chomu"]
[Black "Bursuc, Mihai"]
[Result "0-1"]
[ECO "E73"]
[WhiteElo "1615"]
[BlackElo "1823"]
[Annotator "NA RC COMBH"]
[PlyCount "92"]
[EventDate "2023.01.30"]
[EventType "team-tourn"]
[EventCountry "SRB"]
[SourceTitle "playchess.com"]
[Source "ChessBase"]
[SourceQuality "1"]
[WhiteTeam "Kenya"]
[BlackTeam "Romania"]
[WhiteTeamCountry "KEN"]
[BlackTeamCountry "ROU"]
[TimeControl "40/5400+30:1800+30"]

1. d4 Nf6 2. c4 g6 3. Nc3 Bg7 4. e4 d6 5. Be2 O-O 6. h3 e5 7. d5 a5 8. a3 Nbd7 9. Be3 Ne8 10. Bd3 f5 11. exf5 gxf5 12. f3 Nc5 13. Bxc5 dxc5 14. Qd2 Nd6 15. Nge2 Bd7 16. O-O Qh4 17. Qe3 {[%emt 0:03:10] [#]} b6 $1 ({Weaker is} 17... Nxc4 18. Qxc5 Nxb2 19. Bb5 $15 (19. Qxc7 Qd8 $17)) 18. Qf2 (18. Rad1 $17) 18... Qh6 19. f4 e4 {[%emt 0:00:26] Deflection} 20. Bc2 Nxc4 21. b3 Nd6 22. Rad1 Rae8 23. Kh1 Rf7 24. Nb1 Kh8 25. a4 Rg8 26. Rde1 Bf6 27. Qe3 Rfg7 28. Rg1 Bh4 29. Rd1 Nf7 30. Nd2 Ne5 31. Qc3 {[%emt 0:09:54] [#]} Ng4 $1 32. Rc1 Bf6 $19 33. Qg3 e3 34. Qf3 Nf2+ 35. Kh2 exd2 36. Rcf1 d1=Q 37. Bxd1 Ne4 38. Qd3 Ng3 39. Nxg3 Rxg3 40. Qxg3 Rxg3 41. Kxg3 Bd4 42. Rh1 Qd6 43. Bf3 Be3 44. Be2 Qxd5 45. Rd1 Bd4 46. Bf3 Qxb3 0-1

[Event "1st FIDE Olympiad DIS 2023"]
[Site "Belgrade"]
[Date "2023.01.30"]
[Round "1.10"]
[White "Nestorovic, Vladimir"]
[Black "Mitrovic, Stefan"]
[Result "0-1"]
[ECO "A54"]
[WhiteElo "2171"]
[BlackElo "1807"]
[Annotator "TA"]
[PlyCount "156"]
[EventDate "2023.01.30"]
[EventType "team-tourn"]
[EventCountry "SRB"]
[SourceTitle "playchess.com"]
[Source "ChessBase"]
[SourceQuality "1"]
[WhiteTeam "Croatia"]
[BlackTeam "Serbia"]
[WhiteTeamCountry "CRO"]
[BlackTeamCountry "SRB"]
[TimeControl "40/5400+30:1800+30"]

1. Nf3 Nf6 2. d4 d6 3. c4 Nbd7 4. Nc3 e5 5. e3 Be7 6. Be2 O-O 7. O-O c6 8. Qc2 a6 {[%emt 0:01:05] A54: Old Indian Defence with Nf3, but without e4.} 9. a4 a5 10. b3 Qc7 {[%emt 0:03:34] White has an edge.} 11. Bb2 Re8 12. Rfd1 {[%emt 0:00:20] [#]} h6 $146 ({Predecessor:} 12... Bf8 13. Rac1 Nb8 14. c5 exd4 15. cxd6 Bxd6 16. Rxd4 Qe7 17. Rcd1 Bc5 18. Rc4 Na6 {1-0 Gerstenberger,H (2150)-Strobel,M (2086) Oberliga Wuerttemberg 1011 2010 (1)}) 13. Rac1 Nf8 (13... exd4 $11 14. exd4 (14. Nxd4 Nc5 $11) 14... Nb8) 14. h3 $14 N8h7 15. e4 Nd7 16. Nb1 Bf6 (16... exd4 $11 17. Bxd4 (17. Nxd4 Nc5 $15) 17... Nc5) 17. Nbd2 (17. c5 $14) 17... b6 (17... exd4 {is more appropriate.} 18. Bxd4 Bxd4 19. Nxd4 Nc5) 18. dxe5 ({Better is} 18. d5 $11) 18... dxe5 $15 19. Ba3 Be7 {[%emt 0:06:10] Dodges c5} 20. Bxe7 Rxe7 21. Nf1 Nc5 22. Ne1 Ng5 23. f3 (23. Ng3 $142) 23... Nge6 $1 $17 {[%emt 0:02:25] Black is much more active.} 24. Rd2 (24. Qb2 $17 {was called for.}) 24... Nd4 $19 25. Rxd4 exd4 26. Nd3 Nxd3 27. Bxd3 c5 28. Qf2 Bb7 29. Rd1 Rf8 30. Ng3 g6 31. f4 Qc6 32. f5 Qf6 33. Rf1 Ree8 34. Re1 h5 35. Qf4 {[%emt 0:02:12] [#]} Re5 $1 {[%emt 0:03:39] Strongly threatening ...h4.} 36. h4 Rfe8 37. Rf1 Bc6 38. Rf2 R8e7 39. Qh6 $2 (39. Rf3 {was necessary.}) 39... Qh8 (39... Qxh4 $2 40. f6 $18) (39... Bxe4 $142 40. Nxe4 Rxe4 41. Bxe4 Rxe4) 40. Qg5 Rd7 41. Qf4 Rde7 $2 ({Black should play} 41... Qf6 $19 {Hoping for ...Kg7.} 42. fxg6 Qxf4 43. Rxf4 fxg6) 42. fxg6 $2 (42. Qg5 $1 $11 {and White is okay.} Kf8 43. Qf4) 42... fxg6 43. Qf8+ Kh7 44. Qxh8+ Kxh8 45. Rf8+ Kg7 46. Rb8 Rb7 47. Rd8 Bd7 48. Ne2 Re8 {[%emt 0:02:05] Prevents Nf4.} 49. Rxe8 Bxe8 {[%emt 0:00:00][%mdl 4096] Endgame KRB-KBN} 50. Nf4 Re7 51. Kf2 Bc6 52. Kf3 Bd7 53. Kg3 Bg4 54. Nd5 Re6 55. Nf4 Re8 56. Bc2 Rb8 {[%emt 0:05:46] ...Kh6 would be deadly.} 57. Kf2 Kf6 58. g3 Be6 59. Kf3 Bf7 60. Nd3 Be6 61. Nf4 $1 Rd8 62. Kf2 Rf8 {[%emt 0:00:45] ...Ke5 is the strong threat.} 63. Ke1 Re8 64. Kf2 Rg8 65. Bd1 Ke5 {[%emt 0:01:44] And now ...Rf8 would win.} 66. Bc2 Rf8 67. Bd3 Bg4 68. Bc2 Rxf4+ 69. gxf4+ Kxf4 {[%emt 0:00:11] KB-KB} 70. e5 Kxe5 (70... g5 $142 71. hxg5 Kxg5 72. b4 axb4 73. Kg3 h4+ 74. Kg2 Kf4 75. e6 Bxe6 76. Kh2 Bxc4 77. Bh7 d3 78. a5 bxa5 79. Kh3 b3 80. Kxh4 b2 81. Kh5 b1=Q 82. Kh6 Qh1+ 83. Kg7 Qa1+ 84. Kh6 Qf6+ 85. Bg6 Bg8 86. Kh5 Qg5#) 71. Bxg6 Kf4 72. Bc2 Bf5 73. Bd1 Bg6 {[%emt 0:00:31] ( -> ...d3)} 74. Bf3 d3 {[%emt 0:00:36][%cal Bd4d3,Bd3d2][%mdl 32] Black mates.} 75. Bd1 Ke4 76. Bf3+ {[%emt 0:02:02] [#]} Kd4 $1 77. Bd1 Kc3 78. Ke3 d2 {[%emt 0:00:00] Weighted Error Value: White=0.41/Black=0.45} 0-1

[Event "1st FIDE Olympiad DIS 2023"]
[Site "Belgrade"]
[Date "2023.01.30"]
[Round "1.10"]
[White "Pribeanu, Mihail-Dacian"]
[Black "Sadam Ali Sheikh"]
[Result "1-0"]
[ECO "C41"]
[WhiteElo "2134"]
[BlackElo "1578"]
[Annotator "TA"]
[PlyCount "71"]
[EventDate "2023.01.30"]
[EventType "team-tourn"]
[EventCountry "SRB"]
[SourceTitle "playchess.com"]
[Source "ChessBase"]
[SourceQuality "1"]
[WhiteTeam "Romania"]
[BlackTeam "Kenya"]
[WhiteTeamCountry "ROU"]
[BlackTeamCountry "KEN"]
[TimeControl "40/5400+30:1800+30"]

1. e4 d6 2. d4 Nf6 3. Nc3 Nbd7 4. Nf3 e5 5. Bc4 Be7 6. O-O c6 7. a4 h6 {[%emt 0:01:30] is now more promising than 7...0-0.} 8. b3 {[%emt 0:01:05] C41: Philidor Defence.} Qc7 9. Bb2 g5 (9... O-O $11 {keeps the balance.}) 10. dxe5 {[%emt 0:00:02] [#] White is more active.} (10. Re1 $16) 10... Nxe5 $146 ({Predecessor:} 10... dxe5 11. Qe2 Nb6 12. a5 Nxc4 13. Qxc4 Bd6 14. Rfd1 Be6 15. Qa4 O-O-O 16. Ba3 Bxa3 17. Qxa3 {½-½ Ellinger,P (2440)-Kuiper,J (2470) ICCF MN/47 corr 1997}) 11. Be2 Be6 12. Nd4 Bg4 (12... O-O-O $11) 13. Bxg4 $16 Nfxg4 14. Nf5 O-O-O 15. a5 h5 16. Qe2 Rh7 (16... Bf6 $14) 17. b4 ({Better is} 17. Rfd1) 17... Qd7 $2 {[%emt 0:00:00][%mdl 8192] Black cannot hold the game after this.} (17... d5 $16 {is more resistant.} 18. Nxe7+ Qxe7) 18. b5 $18 Qe6 (18... f6 $142 19. bxc6 Nxc6) 19. a6 {[%emt 0:01:05] [#] Strongly threatening axb7+.} b6 20. bxc6 Nxc6 21. Nd5 {[%emt 0:01:12] Hoping for Qc4.} Bf6 {[%emt 0:07:55] Repels Qc4} 22. Qb5 Kd7 23. Bxf6 {[%emt 0:01:57][%mdl 64] [#] Remove Defender} Nxf6 24. Nd4 Qxd5 25. exd5 {[%emt 0:00:24][%mdl 64] Rfe1 would kill now. Pin} Rc8 26. dxc6+ {[%emt 0:00:13] White mates.} Kc7 27. Qf5 Rh6 28. Nb5+ Kd8 29. Nxd6 Rc7 30. Rad1 Ke7 31. Qe5+ Kf8 32. Nf5 Kg8 33. Nxh6+ Kg7 34. Rd8 Rxc6 35. Qxg5+ Kh7 36. Nf5 {[%emt 0:00:00] Weighted Error Value: White=0.11 (very precise) /Black=0.63} 1-0

[Event "1st FIDE Olympiad DIS 2023"]
[Site "Belgrade"]
[Date "2023.01.30"]
[Round "1.11"]
[White "Bulatovic, Luka"]
[Black "Cajzler, Hinko"]
[Result "0-1"]
[ECO "C02"]
[WhiteElo "1707"]
[BlackElo "2060"]
[Annotator "TA"]
[PlyCount "85"]
[EventDate "2023.01.30"]
[EventType "team-tourn"]
[EventCountry "SRB"]
[SourceTitle "playchess.com"]
[Source "ChessBase"]
[SourceQuality "1"]
[WhiteTeam "Serbia"]
[BlackTeam "Croatia"]
[WhiteTeamCountry "SRB"]
[BlackTeamCountry "CRO"]
[TimeControl "40/5400+30:1800+30"]

1. e4 e6 2. d4 d5 3. e5 c5 4. c3 Qb6 5. Nf3 Nc6 6. Bd3 Bd7 7. Bc2 (7. dxc5 $14 Bxc5 8. O-O) 7... Nh6 {[%emt 0:00:35] C02: French: Advance Variation.} (7... cxd4 $142 8. cxd4 Nb4) 8. O-O $11 a5 {[%emt 0:03:00] [#]} 9. Na3 $146 (9. dxc5 $14 Bxc5 10. Bxh6 gxh6 11. Qc1) ({Predecessor:} 9. b3 Be7 10. Re1 Rc8 11. Be3 cxd4 12. cxd4 Nb4 13. Bd3 Ng4 14. a3 Nxe3 15. Rxe3 Nxd3 16. Rxd3 {0-1 Nguyen,T-Ha,V Hanoi op 1995}) 9... cxd4 {[%emt 0:01:21] The position is equal.} 10. cxd4 Rc8 11. Nb1 Nb4 12. Nc3 (12. Ba4 $11) 12... Nxc2 $15 13. Qxc2 Nf5 14. Be3 Bb4 {[%emt 0:03:41] Black is more active.} 15. Qb3 Qa6 16. Rac1 Bxc3 (16... O-O $17) 17. Rxc3 $11 Rxc3 18. Qxc3 O-O 19. Rc1 h6 20. Qd2 Qb6 21. g4 Nxe3 22. fxe3 Qd8 23. Qc3 (23. h4 $11) 23... f5 $17 24. g5 hxg5 25. Qc7 g4 26. Qxd8 Rxd8 {[%emt 0:01:20][%mdl 4096] Endgame KRB-KRN} 27. Nh4 {[%emt 0:02:20] Now White is beyond hope.} (27. Ng5 $17 {keeps fighting.}) 27... Rc8 (27... g5 $19 28. Ng2 Rc8 29. Rxc8+ Bxc8) 28. Rxc8+ Bxc8 {[%emt 0:01:20] KB-KN} 29. Kf2 (29. Ng6 $17 Kh7 30. Nf4) 29... g5 $19 30. Ng2 Kg7 31. Kg3 Bd7 32. Ne1 Bb5 {[%emt 0:00:27] Dodges Nd3} 33. Nc2 $2 (33. h4) 33... Kf7 (33... Bc4 $142 34. b3 Bd3) 34. a3 $2 (34. Ne1) 34... Ke7 (34... Bd3 $142 35. Ne1 Be4) 35. Kf2 $2 (35. Ne1) 35... Kd7 {[%emt 0:00:05] [#] And now ...Bd3 would win.} 36. Ke1 $2 (36. Ne1) 36... Kc6 {[%emt 0:00:00] Threatens to win with ...Bd3. Black is clearly winning.} 37. Kd2 f4 38. exf4 gxf4 39. Ke1 Bd3 40. Na1 a4 {[%emt 0:00:00] [#] ...Kb5 would be deadly.} 41. Kd2 Be4 42. b3 Kb5 43. Kc3 {[%emt 0:00:46] Weighted Error Value: White=0.74/Black=0.28 (precise)} 0-1